| TOP OF THE 1ST |
|
West Michigan Whitecaps batting - Pitching for Burlington Bees : RHP Dave Jackson
|
|
Pitching: RHP Dave Jackson
|
|
|
Batting: LHB Jeff Trapp
|
0-0: Foul Ball, location: 2F 0-1: Swinging Strike 0-2: Strikes out swinging
|
|
Batting: RHB Jon Pierce
|
0-0: Called Strike 0-1: Ball 1-1: Ball 2-1: Ball 3-1: Base on Balls
|
|
Batting: SHB Andy Vivas
|
0-0: SINGLE (Groundball, 5L, EV 105.6 MPH) (infield hit) Jon Pierce to second
|
|
Batting: RHB Bill Cabrera
|
0-0: Ball 1-0: Foul Ball, location: 2F 1-1: Swinging Strike 1-2: Strikes out swinging
|
|
Batting: RHB Dan Becvar
|
0-0: Swinging Strike 0-1: Foul Ball, location: 2F 0-2: Strikes out swinging
|
| Top of the 1st over - 0 runs, 1 hit, 0 errors, 2 left on base; West Michigan 0 - Burlington 0 |
| BOTTOM OF THE 1ST |
|
Burlington Bees batting - Pitching for West Michigan Whitecaps : RHP Nate Mull
|
|
Pitching: RHP Nate Mull
|
|
|
Batting: RHB Jonathan Ellis
|
0-0: Called Strike 0-1: Called Strike 0-2: Ball 1-2: Ball 2-2: Ball 3-2: Strikes out swinging
|
|
Batting: RHB Ryan Munro
|
0-0: Called Strike 0-1: Ball 1-1: Ball 2-1: Ball 3-1: Foul Ball, location: 2F 3-2: Ground out 4-3 (Groundball, 4MD, EV 86.3 MPH)
|
|
Batting: LHB Rusty Ney
|
0-0: Ball 1-0: Called Strike 1-1: Ball 2-1: Ground out 6-3 (Groundball, 6, EV 84.4 MPH)
|
| Bottom of the 1st over - 0 runs, 0 hits, 0 errors, 0 left on base; West Michigan 0 - Burlington 0 |
| TOP OF THE 2ND |
|
West Michigan Whitecaps batting - Pitching for Burlington Bees : RHP Dave Jackson
|
|
Batting: RHB Jordan Hall
|
0-0: Ball 1-0: Foul Ball, location: 2F 1-1: Foul Ball, location: 2F 1-2: Foul Ball, location: 2F 1-2: Strikes out swinging
|
|
Batting: RHB Sergio Valbuena
|
0-0: Called Strike 0-1: Ball 1-1: Swinging Strike 1-2: Ball 2-2: Ground out 6-3 (Groundball, 6, EV 83.1 MPH)
|
|
Batting: RHB Rocky Hart
|
0-0: Ground out 4-3 (Groundball, 4, EV 94.4 MPH)
|
| Top of the 2nd over - 0 runs, 0 hits, 0 errors, 0 left on base; West Michigan 0 - Burlington 0 |
| BOTTOM OF THE 2ND |
|
Burlington Bees batting - Pitching for West Michigan Whitecaps : RHP Nate Mull
|
|
Batting: LHB Bill Kirtley
|
0-0: Ground out 5-3 (Groundball, 6, EV 105.6 MPH)
|
|
Batting: LHB Jorge Zermeno
|
0-0: Ball 1-0: Ground out 1-3 (Groundball, 13S, EV 67.5 MPH)
|
|
Batting: RHB Greg Burdine
|
0-0: Foul Ball, location: 2F 0-1: Ball 1-1: SINGLE (Groundball, 3D, EV 107.5 MPH)
|
|
Batting: RHB Ryuji Ito
|
0-0: Fielders Choice at 2nd, 6-4 (Groundball, 6, EV 88.8 MPH)
|
| Bottom of the 2nd over - 0 runs, 1 hit, 0 errors, 1 left on base; West Michigan 0 - Burlington 0 |
| TOP OF THE 3RD |
|
West Michigan Whitecaps batting - Pitching for Burlington Bees : RHP Dave Jackson
|
|
Batting: RHB Jamie Bass
|
0-0: Foul Ball, location: 2F 0-1: Ground out U3 (Groundball, 13, EV 82.5 MPH)
|
|
Batting: LHB Jeff Trapp
|
0-0: Ball 1-0: Foul Ball, location: 2F 1-1: Foul Ball, location: 2F 1-2: Foul Ball, location: 2F 1-2: Ball 2-2: Ball 3-2: Strikes out swinging
|
|
Batting: RHB Jon Pierce
|
0-0: Called Strike 0-1: Ball 1-1: Foul Ball, location: 2F 1-2: Strikes out swinging
|
| Top of the 3rd over - 0 runs, 0 hits, 0 errors, 0 left on base; West Michigan 0 - Burlington 0 |
| BOTTOM OF THE 3RD |
|
Burlington Bees batting - Pitching for West Michigan Whitecaps : RHP Nate Mull
|
|
Batting: SHB Tim Connell
|
0-0: Ball 1-0: Fly out, F3 (Flyball, 3D, EV 81.3 MPH)
|
|
Batting: RHB Rob Bly
|
0-0: Ground out U3 (Groundball, 3, EV 103.1 MPH)
|
|
Batting: RHB Jonathan Ellis
|
0-0: Foul Ball, location: 2F 0-1: Swinging Strike 0-2: Foul Ball, location: 2F 0-2: Ball 1-2: Ball 2-2: Strikes out swinging
|
| Bottom of the 3rd over - 0 runs, 0 hits, 0 errors, 0 left on base; West Michigan 0 - Burlington 0 |
| TOP OF THE 4TH |
|
West Michigan Whitecaps batting - Pitching for Burlington Bees : RHP Dave Jackson
|
|
Batting: SHB Andy Vivas
|
0-0: Called Strike 0-1: Swinging Strike 0-2: Strikes out swinging
|
|
Batting: RHB Bill Cabrera
|
0-0: Ground out 4-3 (Groundball, 4M, EV 101.3 MPH)
|
|
Batting: RHB Dan Becvar
|
0-0: Fly out, F9 (Flyball, 89D, EV 91.9 MPH)
|
| Top of the 4th over - 0 runs, 0 hits, 0 errors, 0 left on base; West Michigan 0 - Burlington 0 |
| BOTTOM OF THE 4TH |
|
Burlington Bees batting - Pitching for West Michigan Whitecaps : RHP Nate Mull
|
|
Batting: RHB Ryan Munro
|
0-0: Called Strike 0-1: Foul Ball, location: 2F 0-2: Fly out, F8 (Line Drive, 8LD, EV 91.3 MPH)
|
|
Batting: LHB Rusty Ney
|
0-0: Swinging Strike 0-1: Fly out, F4 (Popup, 4S, EV 71.9 MPH)
|
|
Batting: LHB Bill Kirtley
|
0-0: Called Strike 0-1: Called Strike 0-2: Strikes out looking
|
| Bottom of the 4th over - 0 runs, 0 hits, 0 errors, 0 left on base; West Michigan 0 - Burlington 0 |
| TOP OF THE 5TH |
|
West Michigan Whitecaps batting - Pitching for Burlington Bees : RHP Dave Jackson
|
|
Batting: RHB Jordan Hall
|
0-0: Ball 1-0: Ball 2-0: Foul Ball, location: 2F 2-1: Fly out, F8 (Flyball, 8LD, EV 89.4 MPH)
|
|
Batting: RHB Sergio Valbuena
|
0-0: Ball 1-0: Ground out 6-3 (Groundball, 6, EV 83.1 MPH)
|
|
Batting: RHB Rocky Hart
|
0-0: Ball 1-0: Fly out, F8 (Flyball, 78D, EV 93.8 MPH)
|
| Top of the 5th over - 0 runs, 0 hits, 0 errors, 0 left on base; West Michigan 0 - Burlington 0 |
| BOTTOM OF THE 5TH |
|
Burlington Bees batting - Pitching for West Michigan Whitecaps : RHP Nate Mull
|
|
Batting: LHB Jorge Zermeno
|
0-0: Ball 1-0: Called Strike 1-1: Ball 2-1: Foul Ball, location: 2F 2-2: Ball 3-2: Base on Balls
|
|
Batting: RHB Greg Burdine
|
0-0: Swinging Strike 0-1: Ball 1-1: Fielders Choice at 2nd, 5-4 (Groundball, 56S, EV 81.9 MPH)
|
|
Batting: RHB Ryuji Ito
|
0-0: Called Strike 0-1: DOUBLE (Line Drive, 8LXD, EV 109.4 MPH) Greg Burdine to third Runner from 3rd tries for Home, throw by CF and OUT! 8-6-2
|
|
Batting: SHB Tim Connell
|
0-0: Ball 1-0: Ground out U3 (Groundball, 3, EV 101.9 MPH)
|
| Bottom of the 5th over - 0 runs, 1 hit, 0 errors, 1 left on base; West Michigan 0 - Burlington 0 |
| TOP OF THE 6TH |
|
West Michigan Whitecaps batting - Pitching for Burlington Bees : RHP Dave Jackson
|
|
Batting: RHB Jamie Bass
|
0-0: Ball 1-0: Foul Ball, location: 2F 1-1: Ball 2-1: DOUBLE (Line Drive, 7LD, EV 103.1 MPH)
|
|
Batting: LHB Jeff Trapp
|
0-0: Foul Ball, location: 2F 0-1: Ball 1-1: Called Strike 1-2: Ground out 4-3 (Groundball, 4M, EV 86.3 MPH) Jamie Bass to third
|
|
Batting: RHB Jon Pierce
|
0-0: SINGLE (Line Drive, 6D, EV 95.0 MPH) Jamie Bass scores
|
|
Batting: SHB Andy Vivas
|
0-0: Ball 1-0: Ball 2-0: Ball 3-0: Called Strike 3-1: Fly out, F8 (Line Drive, 8LD, EV 87.5 MPH)
|
|
Batting: RHB Bill Cabrera
|
0-0: Called Strike 0-1: Called Strike 0-2: Strikes out swinging
|
| Top of the 6th over - 1 run, 2 hits, 0 errors, 1 left on base; West Michigan 1 - Burlington 0 |
| BOTTOM OF THE 6TH |
|
Burlington Bees batting - Pitching for West Michigan Whitecaps : RHP Nate Mull
|
|
Batting: RHB Rob Bly
|
0-0: Called Strike 0-1: Ball 1-1: Called Strike 1-2: Strikes out swinging
|
|
Batting: RHB Jonathan Ellis
|
0-0: Ball 1-0: Called Strike 1-1: SINGLE (Line Drive, 5D, EV 104.4 MPH)
|
|
Batting: RHB Ryan Munro
|
0-0: Fielders Choice at 2nd, 6-4 (Groundball, 56, EV 100.0 MPH)
|
|
Batting: LHB Rusty Ney
|
0-0: Called Strike 0-1: Ball 1-1: Called Strike 1-2: Foul Ball, location: 2F 1-2: TRIPLE (Groundball, 3L, EV 101.3 MPH) Ryan Munro scores
|
|
Batting: LHB Bill Kirtley
|
0-0: Called Strike 0-1: 2-RUN HOME RUN (Flyball, 89XD, EV 99.4 MPH), Distance : 396 ft
|
|
Batting: LHB Jorge Zermeno
|
0-0: Called Strike 0-1: Foul Ball, location: 2F 0-2: Ball 1-2: Strikes out swinging
|
| Bottom of the 6th over - 3 runs, 3 hits, 0 errors, 0 left on base; West Michigan 1 - Burlington 3 |
| TOP OF THE 7TH |
|
West Michigan Whitecaps batting - Pitching for Burlington Bees : RHP Dave Jackson
|
|
Batting: RHB Dan Becvar
|
0-0: Ball 1-0: Swinging Strike 1-1: Ball 2-1: Foul Ball, location: 2F 2-2: SINGLE (Line Drive, 78M, EV 98.8 MPH)
|
|
Batting: RHB Jordan Hall
|
0-0: Swinging Strike 0-1: Ball 1-1: Ball 2-1: Bunt missed! 2-2: Ball 3-2: Ground out 4-3 (Groundball, 34, EV 86.3 MPH) Dan Becvar to second
|
|
Pitching: LHP Tyler Kenney
|
|
|
Batting: RHB Sergio Valbuena
|
0-0: Foul Ball, location: 2F 0-1: Foul Ball, location: 2F 0-2: Ground out 5-3 (Groundball, 56, EV 88.8 MPH)
|
|
Batting: RHB Rocky Hart
|
0-0: Called Strike 0-1: Ball 1-1: Ground out 1-3 (Groundball, 23, EV 63.1 MPH)
|
| Top of the 7th over - 0 runs, 1 hit, 0 errors, 1 left on base; West Michigan 1 - Burlington 3 |
| BOTTOM OF THE 7TH |
|
Burlington Bees batting - Pitching for West Michigan Whitecaps : RHP Nate Mull
|
|
Batting: RHB Greg Burdine
|
0-0: Ball 1-0: Foul Ball, location: 2F 1-1: Ball 2-1: Swinging Strike 2-2: TRIPLE (Line Drive, 89XD, EV 111.9 MPH)
|
|
Batting: RHB Ryuji Ito
|
0-0: Ball 1-0: SINGLE (Line Drive, 9S, EV 96.3 MPH) Greg Burdine scores
|
|
Batting: SHB Tim Connell
|
0-0: Fly out, F5 (Popup, 5SF, EV 73.8 MPH)
|
|
Pitching: RHP Dave Frazier
|
|
|
Batting: RHB Rob Bly
|
0-0: Ball Ryuji Ito is caught stealing 2nd base 2-4 1-0: Ground out 5-3 (Groundball, 5, EV 101.3 MPH)
|
| Bottom of the 7th over - 1 run, 2 hits, 0 errors, 0 left on base; West Michigan 1 - Burlington 4 |
| TOP OF THE 8TH |
|
West Michigan Whitecaps batting - Pitching for Burlington Bees : LHP Tyler Kenney
|
|
Batting: RHB Jamie Bass
|
0-0: Ball 1-0: SINGLE (Line Drive, 7S, EV 95.0 MPH)
|
|
Batting: LHB Jeff Trapp
|
0-0: Foul Ball, location: 2F 0-1: Grounds into double play, 4-6-3 (Groundball, 4, EV 87.5 MPH)
|
|
Batting: RHB Jon Pierce
|
0-0: Foul Ball, location: 2F 0-1: Foul Ball, location: 2F 0-2: Strikes out swinging
|
| Top of the 8th over - 0 runs, 1 hit, 0 errors, 0 left on base; West Michigan 1 - Burlington 4 |
| BOTTOM OF THE 8TH |
|
Burlington Bees batting - Pitching for West Michigan Whitecaps : RHP Dave Frazier
|
|
Batting: RHB Jonathan Ellis
|
0-0: Ball 1-0: Ball 2-0: Ball 3-0: Base on Balls
|
|
Batting: RHB Ryan Munro
|
0-0: Bunt missed! 0-1: Bunt missed! 0-2: Strikes out swinging
|
|
Batting: LHB Rusty Ney
|
0-0: Fielders Choice at 2nd, 1-6 (Groundball, 13S, EV 65.6 MPH)
|
|
Batting: LHB Bill Kirtley
|
0-0: Ball 1-0: Ball 2-0: Swinging Strike 2-1: Called Strike Rusty Ney steals 2nd, throwing error, E2 Rusty Ney to third 2-2: Ball 3-2: SINGLE (Line Drive, 34D, EV 109.4 MPH) Rusty Ney scores
|
|
Batting: LHB Jorge Zermeno
|
0-0: Ball 1-0: Called Strike 1-1: Ball 2-1: Ball 3-1: Ground out U3 (Groundball, 3, EV 101.3 MPH)
|
| Bottom of the 8th over - 1 run, 1 hit, 1 error, 1 left on base; West Michigan 1 - Burlington 5 |
| TOP OF THE 9TH |
|
West Michigan Whitecaps batting - Pitching for Burlington Bees : LHP Tyler Kenney
|
|
Batting: SHB Andy Vivas
|
0-0: SINGLE (Flyball, 7LS, EV 98.1 MPH)
|
|
Batting: RHB Bill Cabrera
|
0-0: Swinging Strike 0-1: Ball 1-1: SINGLE (Groundball, 6MD, EV 101.3 MPH) Andy Vivas to second
|
|
Pitching: RHP Trece Hunter
|
|
|
Batting: RHB Dan Becvar
|
0-0: SINGLE (Groundball, 56D, EV 100.0 MPH) Andy Vivas to third Bill Cabrera to second
|
|
Batting: RHB Jordan Hall
|
0-0: Called Strike 0-1: Swinging Strike 0-2: Ball Passed Ball! Andy Vivas scores Bill Cabrera to third Dan Becvar to second 1-2: SINGLE (Line Drive, 89S, EV 97.5 MPH) Bill Cabrera scores Dan Becvar to third
|
|
Batting: RHB Sergio Valbuena
|
0-0: Ball 1-0: Ball Wild Pitch! Dan Becvar scores Jordan Hall to second 2-0: Foul Ball, location: 2F 2-1: Ground out U3 (Groundball, 13, EV 91.9 MPH) Jordan Hall to third
|
|
Batting: RHB Rocky Hart
|
0-0: Called Strike 0-1: Swinging Strike 0-2: Strikes out looking
|
|
Batting: RHB Jamie Bass
|
0-0: Swinging Strike 0-1: Ball 1-1: Ground out U3 (Groundball, 3S, EV 70.6 MPH)
|
| Top of the 9th over - 3 runs, 4 hits, 0 errors, 1 left on base; West Michigan 4 - Burlington 5 |
|